General information
- name: BNet
- type: Ladder team game (AT/RT)
- host: Battle.net
- saver: SUPAlos3
map: Cherryville
- players: 8
- length: 87:43
- speed: Fast
- version: 1.24 W3XP
- replay type: Public
» download(485 KB)
Players
team 1 (winner)
SUPAlos3 (
yellow | 84 APM | 7346 actions | 87:43)
10 Blood Mage
3 Flame Strike
3 Siphon Mana
1 Summon Phoenix
3 Banish
3 Archmage
2 Brilliance Aura
1 Blizzard
8 Firelord
3 Soul Burn
3 Incinerate
1 Volcano
1 Summon Lava Spawn
» actions
| Assign group hotkey | 22 | |
| Basic commands | 292 | |
| Build / train | 286 | |
| ESC pressed | 4 | |
| Enter build submenu | 145 | |
| Enter hero's abilities submenu | 21 | |
| Give item / drop item | 12 | |
| Right click | 2942 | |
| Select / deselect | 1177 | |
| Select group hotkey | 1888 | |
| Use ability | 557 | |
7346 total
» units
| Peasant | 58 | |
| Gryphon Rider | 12 | |
| Goblin Zeppelin | 1 | |
| Goblin Shredder | 2 | |
| Siege Engine | 1 | |
| Mortar Team | 3 | |
| Priest | 3 | |
80 total
» upgrades
| Masonry | 4 | |
| Swords | 2 | |
| Storm Hammers | 1 | |
| Animal War Training | 1 | |
| Armor | 1 | |
| Magic Sentry | 1 | |
| Gunpowder | 1 | |
| Barrage | 1 | |
| Fragmentation Shards | 1 | |
| Flare | 1 | |
14 total
» buildings
| Lumber Mill | 8 | |
| Altar of Kings | 3 | |
| Farm | 12 | |
| Scout Tower | 189 | |
| Arcane Tower | 4 | |
| Guard Tower | 76 | |
| Keep | 1 | |
| Arcane Vault | 6 | |
| Town Hall | 5 | |
| Castle | 1 | |
| Blacksmith | 3 | |
| Gryphon Aviary | 2 | |
| Barracks | 1 | |
| Arcane Sanctum | 2 | |
| Workshop | 4 | |
317 total
» build order
00:07 Lumber Mill
00:11 Altar of Kings
00:20 Farm
00:43 Lumber Mill
00:48 Altar of Kings
00:51 Farm
00:58 Scout Tower
01:16 Scout Tower
01:28 Arcane Tower
01:30 Farm
01:42 Altar of Kings
01:50 Arcane Tower
02:10 Scout Tower
02:48 Farm
02:51 Guard Tower
02:53 Keep
02:55 Farm
03:28 Arcane Vault
03:32 Scout Tower
03:42 Scout Tower
03:51 Scout Tower
04:02 Guard Tower
04:16 Guard Tower
04:21 Guard Tower
06:17 Scout Tower
07:09 Town Hall
07:16 Guard Tower
07:17 Castle
07:25 Scout Tower
07:41 Blacksmith
07:53 Gryphon Aviary
07:56 Gryphon Aviary
08:11 Scout Tower
08:14 Scout Tower
08:17 Scout Tower
08:20 Scout Tower
09:11 Guard Tower
09:21 Farm
09:24 Farm
09:35 Guard Tower
09:52 Lumber Mill
10:07 Scout Tower
10:09 Scout Tower
10:55 Guard Tower
10:56 Scout Tower
10:57 Scout Tower
11:00 Scout Tower
11:01 Scout Tower
11:14 Barracks
11:19 Scout Tower
11:25 Lumber Mill
11:36 Guard Tower
11:38 Scout Tower
11:39 Scout Tower
11:40 Scout Tower
12:08 Farm
12:09 Farm
12:12 Farm
12:25 Guard Tower
12:28 Scout Tower
12:29 Scout Tower
12:31 Scout Tower
12:33 Scout Tower
12:34 Scout Tower
12:35 Guard Tower
13:04 Lumber Mill
13:06 Scout Tower
13:08 Scout Tower
13:10 Scout Tower
13:12 Scout Tower
14:33 Guard Tower
14:35 Scout Tower
15:11 Guard Tower
15:12 Scout Tower
15:13 Scout Tower
15:14 Scout Tower
15:15 Scout Tower
15:15 Scout Tower
15:17 Guard Tower
15:22 Scout Tower
15:25 Scout Tower
15:27 Scout Tower
15:54 Guard Tower
15:59 Lumber Mill
16:06 Lumber Mill
16:09 Scout Tower
16:12 Scout Tower
16:12 Scout Tower
16:13 Scout Tower
16:14 Scout Tower
16:15 Scout Tower
16:16 Scout Tower
16:17 Scout Tower
16:18 Scout Tower
16:20 Guard Tower
16:22 Guard Tower
16:26 Arcane Sanctum
16:30 Blacksmith
16:33 Scout Tower
16:33 Scout Tower
16:34 Scout Tower
16:52 Guard Tower
16:55 Scout Tower
16:55 Scout Tower
17:02 Guard Tower
17:33 Guard Tower
17:34 Guard Tower
17:35 Guard Tower
17:56 Scout Tower
17:56 Scout Tower
17:57 Scout Tower
17:58 Scout Tower
17:59 Scout Tower
18:03 Guard Tower
18:07 Guard Tower
18:11 Scout Tower
18:15 Scout Tower
18:16 Scout Tower
18:18 Scout Tower
18:19 Scout Tower
18:29 Guard Tower
18:31 Guard Tower
19:41 Guard Tower
20:09 Scout Tower
20:10 Scout Tower
20:11 Scout Tower
20:13 Scout Tower
20:14 Scout Tower
20:15 Scout Tower
20:16 Scout Tower
20:16 Scout Tower
20:17 Scout Tower
20:20 Guard Tower
20:33 Guard Tower
20:50 Guard Tower
21:20 Guard Tower
21:23 Scout Tower
21:25 Scout Tower
21:25 Scout Tower
21:38 Town Hall
21:42 Guard Tower
21:55 Guard Tower
22:01 Guard Tower
22:51 Guard Tower
24:00 Scout Tower
24:02 Scout Tower
24:06 Scout Tower
24:07 Scout Tower
24:35 Guard Tower
26:43 Scout Tower
26:43 Scout Tower
26:59 Scout Tower
27:01 Scout Tower
27:02 Scout Tower
27:03 Scout Tower
27:04 Scout Tower
27:11 Guard Tower
27:29 Scout Tower
27:31 Scout Tower
27:33 Scout Tower
27:35 Scout Tower
27:50 Scout Tower
28:35 Scout Tower
28:36 Scout Tower
28:37 Scout Tower
28:39 Scout Tower
28:40 Scout Tower
28:41 Scout Tower
28:43 Scout Tower
28:45 Scout Tower
28:46 Scout Tower
29:49 Guard Tower
29:52 Arcane Vault
29:52 Arcane Vault
29:56 Guard Tower
29:57 Scout Tower
29:58 Scout Tower
30:02 Scout Tower
30:03 Scout Tower
30:04 Scout Tower
30:06 Scout Tower
30:07 Scout Tower
30:08 Scout Tower
30:08 Scout Tower
30:11 Scout Tower
30:27 Guard Tower
30:31 Guard Tower
30:48 Guard Tower
31:50 Scout Tower
31:51 Scout Tower
31:53 Scout Tower
31:54 Scout Tower
31:55 Scout Tower
31:56 Scout Tower
31:57 Scout Tower
31:58 Scout Tower
32:00 Guard Tower
32:08 Guard Tower
32:46 Guard Tower
33:08 Lumber Mill
35:34 Guard Tower
36:06 Guard Tower
39:31 Workshop
39:34 Workshop
39:43 Workshop
39:46 Workshop
41:10 Farm
41:11 Farm
43:11 Guard Tower
45:03 Scout Tower
45:04 Scout Tower
45:06 Scout Tower
45:07 Scout Tower
45:09 Scout Tower
45:18 Blacksmith
45:21 Arcane Sanctum
45:28 Scout Tower
45:29 Scout Tower
45:32 Scout Tower
45:34 Scout Tower
45:48 Scout Tower
45:49 Scout Tower
45:50 Scout Tower
46:40 Guard Tower
47:22 Guard Tower
47:24 Scout Tower
47:25 Scout Tower
47:26 Scout Tower
48:00 Guard Tower
49:14 Arcane Vault
49:44 Scout Tower
49:46 Scout Tower
49:47 Scout Tower
49:48 Scout Tower
49:51 Scout Tower
49:52 Scout Tower
50:23 Guard Tower
50:29 Scout Tower
50:32 Scout Tower
50:33 Scout Tower
50:33 Scout Tower
50:37 Guard Tower
50:47 Guard Tower
51:29 Guard Tower
51:53 Guard Tower
51:58 Scout Tower
52:00 Scout Tower
52:01 Scout Tower
52:02 Scout Tower
52:04 Scout Tower
53:36 Guard Tower
53:40 Guard Tower
53:44 Town Hall
55:20 Scout Tower
55:21 Scout Tower
55:22 Scout Tower
55:23 Scout Tower
55:24 Scout Tower
55:24 Scout Tower
55:26 Scout Tower
55:26 Scout Tower
55:27 Scout Tower
55:51 Guard Tower
56:35 Guard Tower
56:37 Scout Tower
56:38 Scout Tower
56:39 Scout Tower
57:20 Guard Tower
57:20 Guard Tower
60:47 Arcane Vault
61:25 Scout Tower
63:22 Guard Tower
63:24 Scout Tower
63:25 Scout Tower
63:25 Scout Tower
65:16 Arcane Vault
65:20 Scout Tower
66:56 Guard Tower
66:57 Scout Tower
66:58 Scout Tower
66:59 Scout Tower
67:10 Scout Tower
67:11 Scout Tower
67:15 Scout Tower
67:33 Guard Tower
67:35 Scout Tower
67:36 Scout Tower
67:37 Scout Tower
67:38 Guard Tower
68:44 Scout Tower
68:44 Scout Tower
68:45 Scout Tower
69:02 Scout Tower
69:04 Scout Tower
69:12 Scout Tower
69:19 Guard Tower
69:21 Scout Tower
69:23 Scout Tower
69:26 Scout Tower
69:37 Town Hall
69:38 Guard Tower
69:39 Guard Tower
69:40 Scout Tower
69:42 Arcane Tower
69:44 Guard Tower
69:48 Guard Tower
69:50 Scout Tower
69:56 Guard Tower
70:13 Guard Tower
70:21 Guard Tower
70:34 Scout Tower
71:16 Guard Tower
71:18 Scout Tower
72:05 Town Hall
72:09 Guard Tower
74:33 Scout Tower
76:42 Arcane Tower
» items
| Scroll of Regeneration | 28 | |
| Lesser Clarity Potion | 10 | |
| Orb of Fire | 2 | |
| Potion of Healing | 28 | |
| Boots of Speed | 2 | |
| Staff of Teleportation | 2 | |
| Scroll of Town Portal | 8 | |
| Potion of Mana | 1 | |
| Periapt of Vitality | 2 | |
| Circlet of Nobility | 1 | |
84 total
n00b_Tastic (
pink | 24 APM | 2141 actions | 87:38)
9 Death Knight
3 Death Coil
2 Unholy Aura
1 Animate Dead
3 Death Pact
» actions
| Assign group hotkey | 6 | |
| Build / train | 90 | |
| Enter build submenu | 27 | |
| Enter hero's abilities submenu | 9 | |
| Give item / drop item | 2 | |
| Right click | 1376 | |
| Select / deselect | 523 | |
| Select group hotkey | 12 | |
| Use ability | 96 | |
2141 total
» units
| Acolyte | 11 | |
| Peasant | 1 | |
| Ghoul | 5 | |
| Crypt Fiend | 14 | |
| Frost Wyrm | 26 | |
57 total
» upgrades
| Creature Attack | 2 | |
| Freezing Breath | 1 | |
| Web | 1 | |
4 total
» buildings
| Altar of Darkness | 1 | |
| Ziggurat | 12 | |
| Crypt | 1 | |
| Graveyard | 1 | |
| Keep | 1 | |
| Halls of the Dead | 1 | |
| Sacrificial Pit | 1 | |
| Black Citadel | 1 | |
| Boneyard | 3 | |
| Spirit Tower | 8 | |
| Nerubian Tower | 1 | |
31 total
» build order
00:13 Altar of Darkness
00:20 Ziggurat
00:47 Crypt
00:59 Ziggurat
01:23 Graveyard
02:37 Ziggurat
03:23 Keep
04:38 Halls of the Dead
04:54 Ziggurat
04:57 Ziggurat
07:14 Sacrificial Pit
07:15 Black Citadel
07:25 Ziggurat
07:32 Ziggurat
09:45 Boneyard
09:50 Boneyard
10:58 Boneyard
11:03 Ziggurat
11:12 Ziggurat
12:34 Spirit Tower
12:35 Spirit Tower
12:36 Spirit Tower
12:37 Spirit Tower
12:39 Spirit Tower
44:12 Spirit Tower
44:13 Spirit Tower
44:15 Spirit Tower
44:18 Nerubian Tower
52:26 Ziggurat
52:30 Ziggurat
53:36 Ziggurat
» items
| Scroll of Town Portal | 5 | |
| Potion of Mana | 1 | |
6 total
Primal00Urges (
green | 30 APM | 2616 actions | 87:38)
8 Blademaster
3 Wind Walk
3 Critical Strike
1 Bladestorm
1 Mirror Image
1 Archmage
1 Blizzard
3 Far Seer
2 Feral Spirit
1 Chain Lighting
» actions
| Basic commands | 6 | |
| Build / train | 122 | |
| Enter build submenu | 35 | |
| Enter hero's abilities submenu | 13 | |
| Give item / drop item | 6 | |
| Right click | 1586 | |
| Select / deselect | 719 | |
| Use ability | 129 | |
2616 total
» units
| Peon | 15 | |
| Peasant | 4 | |
| Grunt | 15 | |
| Shaman | 13 | |
| Wind Rider | 5 | |
| Troll Headhunter/Berserker | 4 | |
| Raider | 5 | |
| Tauren | 7 | |
68 total
» upgrades
| Masonry | 2 | |
| Melee Weapons | 3 | |
| Spiked Barricades | 3 | |
| Lumber Harvesting | 2 | |
| Armor | 3 | |
| Ranged Weapons | 3 | |
| Berserker Strength | 1 | |
| Shaman Training | 2 | |
| Pillage | 1 | |
| Berserker Upgrade | 1 | |
| Long Rifles | 1 | |
| Envenomed Spears | 1 | |
| Ensnare | 1 | |
| Reinforced Defenses | 1 | |
| Gunpowder | 1 | |
| Pulverize | 1 | |
27 total
» buildings
| Orc Burrow | 10 | |
| Altar of Storms | 2 | |
| War Mill | 2 | |
| Barracks | 1 | |
| Watch Tower | 7 | |
| Stronghold | 1 | |
| Farm | 2 | |
| Castle | 1 | |
| Great Hall | 4 | |
| Fortress | 1 | |
| Spirit Lodge | 1 | |
| Beastiary | 2 | |
| Voodoo Lounge | 1 | |
| Tauren Totem | 2 | |
37 total
» build order
00:15 Orc Burrow
00:30 Altar of Storms
01:00 War Mill
01:11 Orc Burrow
01:54 Barracks
02:28 Orc Burrow
03:10 Watch Tower
03:46 Stronghold
04:15 Orc Burrow
05:07 War Mill
05:22 Watch Tower
06:07 Farm
06:10 Castle
06:20 Great Hall
07:11 Fortress
07:47 Spirit Lodge
09:39 Watch Tower
10:12 Watch Tower
11:16 Beastiary
11:37 Orc Burrow
12:09 Beastiary
12:42 Voodoo Lounge
13:19 Watch Tower
15:26 Orc Burrow
15:45 Orc Burrow
17:20 Farm
18:20 Orc Burrow
20:23 Watch Tower
21:05 Tauren Totem
23:47 Tauren Totem
31:31 Watch Tower
44:55 Great Hall
54:52 Great Hall
55:36 Altar of Storms
73:09 Orc Burrow
77:28 Orc Burrow
87:10 Great Hall
» items
| Orb of Lightning | 3 | |
| Scroll of Town Portal | 2 | |
| Scroll of Speed | 1 | |
| Periapt of Vitality | 1 | |
| Orb of Fire | 1 | |
| Potion of Healing | 2 | |
10 total
team 2 (loser)

»
High_Warlord (
teal | 84 APM | 7364 actions | 87:37)
10 Paladin
3 Devotion Aura
3 Holy Light
3 Divine Shield
1 Resurrection
» actions
| Assign group hotkey | 67 | |
| Basic commands | 70 | |
| Build / train | 122 | |
| ESC pressed | 1 | |
| Enter build submenu | 34 | |
| Enter hero's abilities submenu | 10 | |
| Remove unit from queue | 3 | |
| Right click | 5176 | |
| Select / deselect | 1160 | |
| Select group hotkey | 558 | |
| Use ability | 163 | |
7364 total
» units
| Peasant | 28 | |
| Spell Breaker | 22 | |
| Knight | 17 | |
| Goblin Zeppelin | 2 | |
| Goblin Shredder | 1 | |
| Dragonhawk Rider | 17 | |
87 total
» upgrades
| Swords | 3 | |
| Plating | 3 | |
| Lumber Harvesting | 2 | |
| Animal War Training | 1 | |
| Control Magic | 1 | |
| Cloud | 1 | |
11 total
» buildings
| Farm | 14 | |
| Barracks | 1 | |
| Altar of Kings | 1 | |
| Lumber Mill | 1 | |
| Blacksmith | 1 | |
| Keep | 2 | |
| Arcane Vault | 1 | |
| Arcane Sanctum | 1 | |
| Castle | 1 | |
| Town Hall | 5 | |
| Gryphon Aviary | 2 | |
30 total
» build order
00:08 Farm
00:11 Barracks
00:24 Altar of Kings
00:46 Farm
01:30 Lumber Mill
01:53 Farm
02:17 Blacksmith
02:34 Farm
03:02 Keep
03:02 Keep
03:16 Farm
03:18 Farm
03:32 Arcane Vault
04:04 Farm
05:25 Arcane Sanctum
05:31 Castle
05:39 Farm
05:42 Farm
07:07 Farm
07:43 Farm
08:29 Farm
09:11 Farm
09:39 Town Hall
10:05 Farm
26:14 Town Hall
27:07 Gryphon Aviary
28:37 Gryphon Aviary
30:44 Town Hall
30:49 Town Hall
57:57 Town Hall
» items
| Potion of Lesser Invulnerability | 1 | |
| Orb of Corruption | 1 | |
| Scroll of Healing | 1 | |
| Potion of Mana | 2 | |
| Dust of Appearance | 1 | |
6 total
Shaman(1) (
purple | 32 APM | 2718 actions | 85:57)
10 Death Knight
3 Death Coil
3 Unholy Aura
1 Animate Dead
3 Death Pact
8 Lich
3 Frost Nova
3 Dark Ritual
1 Death and Decay
1 Frost Armor
» actions
| Basic commands | 1 | |
| Build / train | 99 | |
| Enter build submenu | 22 | |
| Enter hero's abilities submenu | 19 | |
| Give item / drop item | 2 | |
| Remove unit from queue | 1 | |
| Right click | 1721 | |
| Select / deselect | 673 | |
| Use ability | 180 | |
2718 total
» units
| Acolyte | 20 | |
| Ghoul | 3 | |
| Crypt Fiend | 16 | |
| Obsidian Statue | 4 | |
| Abomination | 4 | |
| Gargoyle | 7 | |
54 total
» upgrades
| Creature Attack | 3 | |
| Creature Carapace | 3 | |
| Web | 1 | |
| Disease Cloud | 1 | |
| Unholy Strength | 1 | |
| Unholy Armor | 1 | |
10 total
» buildings
| Altar of Darkness | 1 | |
| Ziggurat | 9 | |
| Graveyard | 1 | |
| Crypt | 2 | |
| Nerubian Tower | 1 | |
| Halls of the Dead | 1 | |
| Tomb of Relics | 1 | |
| Slaughterhouse | 2 | |
| Black Citadel | 1 | |
19 total
» build order
00:09 Altar of Darkness
00:12 Ziggurat
00:38 Graveyard
00:59 Crypt
01:17 Ziggurat
01:25 Nerubian Tower
02:23 Crypt
03:22 Ziggurat
04:44 Halls of the Dead
04:51 Tomb of Relics
06:33 Ziggurat
07:11 Slaughterhouse
07:27 Slaughterhouse
09:33 Ziggurat
11:02 Black Citadel
12:08 Ziggurat
18:09 Ziggurat
24:12 Ziggurat
25:51 Ziggurat
» items
| Rod of Necromancy | 1 | |
| Scroll of Town Portal | 7 | |
| Dust of Appearance | 2 | |
| Potion of Mana | 1 | |
11 total

»
grimlionheart (
blue | 16 APM | 1309 actions | 80:04)
7 Blademaster
2 Mirror Image
3 Critical Strike
1 Bladestorm
1 Wind Walk
5 Shadow Hunter
3 Healing Wave
2 Serpent Ward
1 Priestess of the Moon
1 Trueshot Aura
2 Far Seer
1 Chain Lighting
1 Far Sight
» actions
| Basic commands | 96 | |
| Build / train | 131 | |
| Enter build submenu | 19 | |
| Enter hero's abilities submenu | 15 | |
| Remove unit from queue | 1 | |
| Right click | 464 | |
| Select / deselect | 484 | |
| Use ability | 98 | |
1309 total
» units
| Peon | 23 | |
| Raider | 46 | |
| Shaman | 14 | |
| Demolisher | 10 | |
93 total
» upgrades
| Spiked Barricades | 1 | |
| Armor | 3 | |
| Melee Weapons | 3 | |
| Pillage | 1 | |
| Ensnare | 1 | |
| Shaman Training | 2 | |
| Reinforced Defenses | 1 | |
| Ranged Weapons | 3 | |
| Burning Oil | 1 | |
16 total
» buildings
| Orc Burrow | 8 | |
| Altar of Storms | 1 | |
| War Mill | 1 | |
| Stronghold | 1 | |
| Voodoo Lounge | 1 | |
| Spirit Lodge | 1 | |
| Beastiary | 2 | |
| Fortress | 1 | |
| Great Hall | 2 | |
| Barracks | 1 | |
| Watch Tower | 7 | |
26 total
» build order
00:23 Orc Burrow
00:28 Orc Burrow
00:57 Altar of Storms
01:27 War Mill
03:46 Stronghold
06:07 Voodoo Lounge
06:29 Spirit Lodge
06:39 Beastiary
06:47 Beastiary
07:20 Orc Burrow
07:28 Orc Burrow
07:34 Orc Burrow
07:49 Fortress
16:57 Great Hall
23:37 Orc Burrow
23:38 Orc Burrow
23:39 Orc Burrow
30:51 Great Hall
39:15 Barracks
54:41 Watch Tower
54:42 Watch Tower
54:44 Watch Tower
54:46 Watch Tower
54:48 Watch Tower
61:48 Watch Tower
61:49 Watch Tower
» items
Soap. (
red | 28 APM | 2448 actions | 87:25)
6 Priestess of the Moon
2 Trueshot Aura
3 Searing Arrows
1 Starfall
5 Demon Hunter
3 Evasion
2 Immolation
» actions
| Assign group hotkey | 22 | |
| Basic commands | 17 | |
| Build / train | 127 | |
| Enter build submenu | 19 | |
| Enter hero's abilities submenu | 15 | |
| Remove unit from queue | 15 | |
| Right click | 1350 | |
| Select / deselect | 724 | |
| Select group hotkey | 58 | |
| Use ability | 100 | |
2448 total
» units
| Wisp | 17 | |
| Archer | 10 | |
| Dryad | 50 | |
| Druid of the Claw | -1 | |
| Glaive Thrower | 3 | |
79 total
» upgrades
| Abolish Magic | 1 | |
| Strength of the Wild | 3 | |
| Strength of the Moon | 2 | |
| Reinforced Hides | 3 | |
| Moon Armor | 2 | |
| Well Spring | 1 | |
| Ultravision | 1 | |
| Improved Bows | 0 | |
| Sentinel | 0 | |
| Marksmanship | 0 | |
| Upgrade Moon Glaive | 1 | |
| Vorpal Blades | 1 | |
| Nature's Blessing | 1 | |
16 total
» buildings
| Altar of Elders | 2 | |
| Moon Well | 10 | |
| Ancient of War | 1 | |
| Tree of Ages | 3 | |
| Tree of Eternity | 1 | |
| Hunter's Hall | 1 | |
| Ancient of Lore | 2 | |
| Ancient of Wind | 2 | |
| Tree of Life | 2 | |
24 total
» build order
00:10 Altar of Elders
00:14 Moon Well
01:11 Ancient of War
02:27 Moon Well
02:30 Moon Well
05:33 Tree of Ages
10:28 Tree of Eternity
10:35 Hunter's Hall
10:42 Moon Well
10:46 Moon Well
11:44 Ancient of Lore
13:28 Ancient of Wind
13:46 Ancient of Wind
13:52 Ancient of Lore
36:32 Altar of Elders
36:36 Moon Well
36:36 Moon Well
36:37 Moon Well
36:39 Moon Well
36:40 Moon Well
37:39 Tree of Life
40:14 Tree of Ages
57:22 Tree of Life
62:22 Tree of Ages
Chat log
(00:47 / All) grimlionheart: hmmm thats never good
(01:56 / Allies) n00b_Tastic: who has him?
(02:06 / Allies) SUPAlos3: a nigga called wizzey
(02:15 / Allies) n00b_Tastic: sick
(04:10 / All) Soap.: THE KINGS HIGH!
(05:45 / Allies) SUPAlos3: go
(05:47 / Allies) SUPAlos3: creep pink
(05:47 / Allies) SUPAlos3: plz
(05:50 / Allies) SUPAlos3: u need to lvl up
(05:51 / Allies) SUPAlos3: not atk
(15:46 / Allies) SUPAlos3: get tauren
(15:48 / Allies) SUPAlos3: if u can plz
(17:21 / Allies) SUPAlos3: get tauren
(17:22 / Allies) SUPAlos3: green
(17:25 / Allies) SUPAlos3: pleae :O?
(17:39 / Allies) Primal00Urges: dude .. i am am already set up for wyverns and raiders ..
(17:42 / Allies) SUPAlos3: WELL
(17:43 / Allies) SUPAlos3: we got
(17:44 / Allies) SUPAlos3: air
(17:45 / Allies) SUPAlos3: alrdy
(17:46 / Allies) SUPAlos3: so gtfo
(17:49 / Allies) SUPAlos3: and get tauren
(17:51 / Allies) SUPAlos3: or else we lose
(20:00 / Allies) SUPAlos3: green
(20:01 / Allies) SUPAlos3: u wna listen?
(21:00 / Allies) SUPAlos3: wood
(21:00 / Allies) SUPAlos3: plz
(21:15 / Allies) SUPAlos3: ty
(23:26 / Allies) SUPAlos3: get
(23:27 / Allies) SUPAlos3: pali
(24:40 / Allies) SUPAlos3: green
(24:42 / Allies) SUPAlos3: why wont u listeN?
(24:46 / Allies) SUPAlos3: ur pretty ignorant
(25:08 / Allies) Primal00Urges: are you fucking dumb ... i just build taruen halls .. they don't exactly pump them out fast idiot
(25:16 / Allies) SUPAlos3: good boy
(25:46 / Allies) SUPAlos3: LOL
(26:32 / Allies) SUPAlos3: gj
(29:26 / All) Soap.: PUSSY!
(33:39 / Allies) SUPAlos3: made purp tp :)
(34:17 / All) Soap.: TOO MUCH ORGY!
(35:27 / Allies) SUPAlos3: rofl
(35:53 / Allies) SUPAlos3: lets
(35:55 / Allies) SUPAlos3: blow this joint
(38:03 / Allies) SUPAlos3: gj
(38:06 / Allies) SUPAlos3: any1 need gold
(38:09 / Allies) SUPAlos3: i have 7k
(38:09 / Allies) SUPAlos3: rofl
(38:10 / Allies) n00b_Tastic: ye
(38:15 / Allies) Primal00Urges: i only have 700
(38:34 / Allies) n00b_Tastic: i need gold
(38:36 / Allies) n00b_Tastic: ty
(41:44 / Allies) SUPAlos3: coming
(41:45 / Allies) SUPAlos3: budy
(43:29 / All) SUPAlos3: ..
(43:38 / Allies) n00b_Tastic: we lose
(43:40 / Allies) SUPAlos3: no
(43:42 / Allies) SUPAlos3: i got 8k gold
(43:45 / Allies) SUPAlos3: they wil run out of gold soon
(43:47 / Allies) SUPAlos3: patience my friend
(46:31 / Allies) n00b_Tastic: gold plz?
(46:37 / Allies) SUPAlos3: yep
(46:44 / Allies) SUPAlos3: green
(46:45 / Allies) n00b_Tastic: lots of frostys
(46:47 / Allies) SUPAlos3: u need gold for hero?
(48:41 / Allies) SUPAlos3: snap
(48:43 / Allies) SUPAlos3: gonna mass tower here
(52:12 / Allies) n00b_Tastic: lol
(52:14 / Allies) SUPAlos3: :)
(52:18 / Allies) n00b_Tastic: cant beleve we won
(52:20 / Allies) SUPAlos3: ya
(52:26 / Allies) SUPAlos3: its all about starving them
(52:27 / Allies) SUPAlos3: see
(52:31 / Allies) SUPAlos3: they are above 50 food
(52:33 / Allies) SUPAlos3: and are losing gold
(53:12 / Allies) SUPAlos3: careful
(53:14 / Allies) SUPAlos3: only
(53:16 / Allies) SUPAlos3: fight at towers
(54:41 / Allies) Primal00Urges: i need gold
(56:10 / Allies) SUPAlos3: yo
(56:11 / Allies) SUPAlos3: get a tp
(56:12 / Allies) SUPAlos3: pink
(56:21 / Allies) SUPAlos3: back
(56:23 / Allies) SUPAlos3: ill handle this
(56:23 / Allies) SUPAlos3: k?
(56:50 / Allies) SUPAlos3: ahh
(56:51 / Allies) SUPAlos3: need wood
(56:52 / Allies) SUPAlos3: plz
(57:13 / Allies) SUPAlos3: wood :O??
(57:22 / Allies) SUPAlos3: ty
(62:49 / Allies) n00b_Tastic: 350 gold plz
(65:24 / Allies) SUPAlos3: well
(65:26 / Allies) SUPAlos3: that owned them
(65:38 / Allies) n00b_Tastic: need tanks
(65:40 / Allies) SUPAlos3: kiki
(67:44 / Allies) SUPAlos3: lol
(68:16 / Allies) SUPAlos3: k
(68:42 / Allies) n00b_Tastic: 250 gols plz
(68:44 / Allies) n00b_Tastic: for tp
(69:25 / Allies) n00b_Tastic: tower the mines
(69:39 / Allies) Primal00Urges: ony 450 in mid one
(71:51 / Allies) SUPAlos3: ty
(71:59 / Allies) n00b_Tastic: there all out of golds lol
(72:07 / Allies) SUPAlos3: :)
(72:25 / Allies) SUPAlos3: yo
(72:28 / Allies) SUPAlos3: lets kill litch again
(72:29 / Allies) SUPAlos3: ill
(72:33 / Allies) SUPAlos3: mana burn that nigga
(72:38 / Allies) SUPAlos3: soul burn**
(72:41 / Allies) SUPAlos3: so dk can heal
(72:42 / Allies) SUPAlos3: and we gg it
(72:54 / Allies) SUPAlos3: green
(72:56 / Allies) SUPAlos3: get tp next time
(74:10 / All) High_Warlord: this is such a boring match
(74:21 / All) SUPAlos3: ???
(74:24 / All) High_Warlord: but funny as hell lol
(74:25 / All) n00b_Tastic: quit then
(74:26 / All) SUPAlos3: probley ur most intesne game ever
(74:26 / All) SUPAlos3: :)
(74:36 / All) grimlionheart: not really
(74:55 / All) grimlionheart: i have one hard games
(76:12 / Allies) SUPAlos3: green get tp this time plz
(76:18 / Allies) Primal00Urges: can't afford
(78:05 / Allies) SUPAlos3: lets work together
(78:15 / Allies) SUPAlos3: k
(78:17 / Allies) SUPAlos3: im gonna soul burn
(78:18 / Allies) SUPAlos3: dk
(78:19 / Allies) SUPAlos3: and u atk
(78:21 / Allies) SUPAlos3: lich
(78:21 / Allies) SUPAlos3: gogo
(78:51 / Allies) SUPAlos3: gj
(79:03 / All) n00b_Tastic: 50 gold for tp
(79:08 / All) SUPAlos3: NO
(79:11 / All) n00b_Tastic: k
(79:14 / Allies) SUPAlos3: jk
(79:15 / Allies) SUPAlos3: :)
(79:28 / Allies) SUPAlos3: im gonna do
(79:30 / Allies) SUPAlos3: valcano
(79:31 / Allies) SUPAlos3: on this
(79:35 / Allies) SUPAlos3: need yall help
(80:06 / All) SUPAlos3: GG
(80:13 / All) High_Warlord: rofl good game
(80:15 / All) SUPAlos3: "_
(80:17 / All) SUPAlos3: :)
(81:09 / Allies) SUPAlos3: roflll
(81:35 / All) SUPAlos3: AHH
(82:30 / Allies) SUPAlos3: go heal
(82:33 / Allies) SUPAlos3: and we will do our final push
(83:10 / All) High_Warlord: yellow your my hero
(83:13 / All) SUPAlos3: ^_^
(84:13 / Allies) SUPAlos3: k lets do this
(84:40 / Allies) SUPAlos3: potm
(84:48 / Allies) Primal00Urges: fuck
(85:23 / All) High_Warlord: whole team is noobs
(85:32 / All) High_Warlord: purple did well i give that
(85:38 / All) SUPAlos3: 1 of ours left at start...so :O
(85:47 / All) High_Warlord: so we fail yeah haha
(85:59 / All) SUPAlos3: u just couldnt handle my great wall
(86:01 / All) SUPAlos3: of warcraft
(86:02 / All) n00b_Tastic: lol gg
(86:55 / Allies) Primal00Urges: got 400 gold
(87:22 / All) Soap.: fuck u all
(87:29 / All) SUPAlos3: ^_^_
(87:36 / All) High_Warlord: rofl, outplayed. props. gg